 Dungeon Crawl Stone Soup version 0.19.1-1-g22dce08 (webtiles) character file.

12946 esteth the Carver (level 11, -11/95 HPs)
             Began as a Minotaur Gladiator on Jan 3, 2017.
             Was a Priest of Dithmenos.
             Killed from afar by Nergalle (39 damage)
             ... with a bolt of negative energy
             ... on level 11 of the Dungeon.
             The game lasted 00:34:41 (12360 turns).

esteth the Carver (Minotaur Gladiator)             Turns: 12360, Time: 00:34:42

Health: -11/95     AC:  8    Str: 20 (22) XL:     11   Next: 69%
Magic:  10/10      EV: 15    Int:  2 (5)  God:    Dithmenos [***...]
Gold:   245        SH:  5    Dex: 11 (12) Spells: 0 memorised, 10 levels left

rFire  + . .     SeeInvis .     a - +2 long sword
rCold  . . .     Gourm    .     t - +1 leather armour {rF+}
rNeg   . . .     Faith    .     (no shield)
rPois  .         Spirit   .     c - +0 hat
rElec  .         Reflect  +     Q - +0 cloak {+Inv}
rCorr  .         Harm     .     (no gloves)
MR     .....                    G - +2 pair of boots
Stlth  ++++++....               o - +5 amulet of reflection
                                k - +3 ring of slaying
                                H - ring of stealth

@: wreathed by umbra, heavily drained
A: retaliatory headbutt, horns 2
a: Shadow Step, Renounce Religion, Evoke Invisibility


You were on level 11 of the Dungeon.
You worshipped Dithmenos.
Dithmenos was most pleased with you.
You were not hungry.

You visited 2 branches of the dungeon, and saw 12 of its levels.

You collected 550 gold pieces.
You spent 305 gold pieces at shops.

Inventory:

Hand Weapons
 a - a +2 long sword (weapon)
Missiles
 d - 3 throwing nets (quivered)
Armour
 c - a +0 hat (worn)
 t - a +1 leather armour of fire resistance (worn)
 G - a +2 pair of boots (worn)
 Q - a +0 cloak of invisibility (worn)
Magical Staves
 X - an uncursed staff of air
Jewellery
 j - an uncursed ring of protection from magic
 k - a +3 ring of slaying (right hand)
 o - a +5 amulet of reflection (around neck)
 v - an uncursed ring of positive energy
 H - a ring of stealth (left hand)
 O - an uncursed amulet of regeneration
 P - an uncursed amulet of guardian spirit {unknown}
Wands
 e - a wand of digging (21/24)
 L - a wand of lightning (0/15)
 N - a wand of disintegration (1/24)
 S - a wand of teleportation (4/9)
 T - a wand of iceblast (6/15)
Scrolls
 b - 3 scrolls of remove curse
 i - a scroll of brand weapon {unknown}
 l - 2 scrolls of fog
 m - 7 scrolls of teleportation
 u - 3 scrolls of fear
 y - 7 scrolls of identify
 A - 2 scrolls of enchant armour
 C - a scroll of vulnerability {unknown}
 D - a scroll of noise {unknown}
 F - a scroll of acquirement {unknown}
 M - a scroll of magic mapping
 U - a scroll of silence {unknown}
 V - a scroll of enchant weapon
 W - a scroll of amnesia {unknown}
Potions
 g - a potion of curing
 h - 2 potions of lignification
 n - 3 potions of might
 q - a potion of mutation
 s - 2 potions of flight
 w - 3 potions of brilliance
 x - a potion of degeneration
 z - 2 potions of haste
Comestibles
 f - 5 bread rations
 p - 2 slices of pizza
 r - 7 meat rations
 B - 10 fruits
 J - 9 royal jellies


   Skills:
 - Level 8.9(7.5) Fighting
 + Level 13.9(12.4) Long Blades
 - Level 2.0(0.8) Throwing
 - Level 9.2(7.8) Dodging
 - Level 9.6(8.1) Stealth


You had 10 spell levels left.
You didn't know any spells.

Dungeon Overview and Level Annotations

Branches:
Dungeon (11/15)            Temple (1/1) D:6
   Lair: D:8-11         Orc: D:9-12

Altars:
Ashenzari
Cheibriados
Dithmenos
Elyvilon
Fedhas
Gozag
Hepliaklqana
Kikubaaqudgha
Makhleb
Nemelex Xobeh
Okawaru
Qazlal
Ru
Sif Muna
Trog
Uskayaw
Vehumet
Xom
Yredelemnul
Zin
The Shining One

Shops:
D:5 *!   D:6 ?   D:9 %(

Annotations:
D:3 1 runed door
D:5 theAP's ghost, novice GrFi
D:11 Nergalle; Urug


Innate Abilities, Weirdness & Mutations

You reflexively headbutt those who attack you in melee.
You have a pair of horns on your head.


Message History

You kill the bat!
Dithmenos accepts your kill. You block the crimson imp's attack.
The river rat bites you.
Something hits the plant but does no damage.
You closely miss Nergalle.
Nergalle is almost dead.
The rat bites you. Nergalle hits you but does no damage.
The crimson imp misses you. The bat closely misses you.
You furiously retaliate!
You headbutt the bat. The river rat misses you.
You riposte.
You hit the river rat. Your headbutt misses the river rat.
The river rat is heavily wounded.
The purple ugly thing trunk-slaps you!
* * * LOW HITPOINT WARNING * * *
A bat comes into view.
You barely miss Nergalle. You headbutt Nergalle.
Nergalle is almost dead.
The bat hits you but does no damage. The bat misses you.
Nergalle points at you and mumbles some strange words.
The bolt of negative energy hits you!
You feel drained.
You die...

###############.
................
................
................
................
...............#
...PP.u†.....=.#
.PrP..o@5b.....#
.PP.P.r.r#####.#
PP....b....
P...PP..P....
P##+#.PPb....#
#...P..?.#
#P.P.....# #
#.PP.P#### #


You could see a purple ugly thing, Nergalle, a crimson imp, a river rat, 3 bats
and 2 rats.

Vanquished Creatures
  An unseen horror (D:10)
  A hill giant (D:10)
  Pikel (D:9)
  The ghost of theAP the Cudgeler, a novice GrFi (D:7)
  Maurice (D:9)
  A gargoyle (D:10)
  A yaktaur (D:10)
  A queen bee (D:9)
  Grinder (D:2)
  Prince Ribbit (D:9)
  A hippogriff (D:10)
  A wraith (D:10)
  24 yaks
  2 wyverns
  Eustachio (D:4)
  2 water moccasins
  3 slaves (D:9)
  3 orc warriors
  A black bear (D:7)
  An ice beast (D:9)
  7 sky beasts
  6 ogres
  5 centaurs
  3 phantoms
  A crocodile (D:11)
  Blork the orc (D:6)
  2 big kobolds
  4 bullfrogs
  4 scorpions
  A water moccasin skeleton (D:6)
  12 killer bees (D:9)
  An electric eel (D:9)
  4 crimson imps
  A quasit (D:10)
  A jelly (D:6)
  6 hounds
  4 bullfrog skeletons
  A bullfrog zombie (D:10)
  8 orc priests
  14 orc wizards
  Jessica (D:2)
  4 iguanas
  4 worker ants
  A howler monkey zombie (D:8)
  7 gnolls
  16 adders
  3 shadow imps
  An adder zombie (D:6)
  An adder skeleton (D:9)
  2 worms (D:2)
  2 dart slugs (D:2)
  2 leopard geckos
  26 orcs
  4 giant cockroaches
  11 hobgoblins
  3 jackals (D:2)
  5 quokkas
  2 ball pythons
  14 bats
  11 frilled lizards
  7 goblins
  15 kobolds
  A quokka skeleton (D:5)
  7 rats
  A plant (D:2)
286 creatures vanquished.

Vanquished Creatures (others)
  A slave (D:9)
  An orc wizard (D:9)
  An adder skeleton (D:9)
  A kobold (D:3)
4 creatures vanquished.

Grand Total: 290 creatures vanquished

Notes
Turn   | Place    | Note
-------+----------+-------------------------------------------
     0 | D:1      | esteth the Minotaur Gladiator began the quest for the Orb.
     0 | D:1      | Reached XP level 1. HP: 18/18 MP: 0/0
   169 | D:1      | Reached skill level 4 in Long Blades
   197 | D:1      | Reached XP level 2. HP: 25/25 MP: 1/1
   877 | D:2      | Reached skill level 5 in Long Blades
   877 | D:2      | Reached XP level 3. HP: 23/30 MP: 2/2
  1516 | D:2      | Reached XP level 4. HP: 28/37 MP: 3/3
  1527 | D:2      | Noticed Jessica
  1536 | D:2      | Killed Jessica
  1817 | D:3      | Found a runed door.
  2060 | D:3      | Noticed Grinder
  2075 | D:3      | Paralysed by Grinder for 6 turns
  2099 | D:2      | Paralysed by Grinder for 6 turns
  2112 | D:2      | Killed Grinder
  2112 | D:2      | Reached XP level 5. HP: 21/42 MP: 4/4
  2112 | D:2      | Reached XP level 6. HP: 25/50 MP: 5/5
  2853 | D:4      | Reached skill level 1 in Stealth
  3044 | D:4      | Noticed Eustachio
  3059 | D:4      | Killed Eustachio
  3059 | D:4      | Reached XP level 7. HP: 43/56 MP: 6/6
  3429 | D:5      | Entered Level 5 of the Dungeon
  3535 | D:5      | Found Maere's Distillery.
  3612 | D:5      | Reached skill level 5 in Fighting
  4008 | D:5      | Reached XP level 8. HP: 36/71 MP: 7/7
  4406 | D:5      | Found Nuotuthe's Serpentskin Sales.
  4721 | D:5      | Found a glowing silver altar of Zin.
  4773 | D:5      | Noticed theAP's ghost (novice GrFi)
  5195 | D:5      | Found a shimmering altar of Xom.
  5382 | D:6      | Reached skill level 6 in Long Blades
  5458 | D:6      | Found a burning altar of Makhleb.
  5458 | D:6      | Found a hazy altar of Hepliaklqana.
  5463 | D:6      | Found a sparkling altar of Nemelex Xobeh.
  5465 | D:6      | Found a basalt altar of Yredelemnul.
  5466 | D:6      | Found an opulent altar of Gozag.
  5623 | D:6      | Reached skill level 7 in Long Blades
  5746 | D:6      | Found a hide-covered altar of Uskayaw.
  5760 | D:6      | Noticed Blork the orc
  5767 | D:6      | Killed Blork the orc
  5767 | D:6      | Reached skill level 8 in Long Blades
  5821 | D:6      | Found Citos's Magic Scroll Shoppe.
  5843 | D:6      | Found a staircase to the Ecumenical Temple.
  5848 | Temple   | Entered the Ecumenical Temple
  6075 | Temple   | Became a worshipper of Dithmenos the Shadowed
  6394 | D:7      | Reached XP level 9. HP: 74/82 MP: 8/8
  6396 | D:7      | Reached skill level 9 in Long Blades
  6464 | D:7      | Noticed theAP's ghost (novice GrFi)
  6581 | D:7      | Killed theAP's ghost
  6581 | D:7      | Reached skill level 10 in Long Blades
  7913 | D:8      | Reached * piety under Dithmenos
  8051 | D:8      | Reached XP level 10. HP: 69/90 MP: 9/9
  8329 | D:9      | Reached skill level 5 in Stealth
  8720 | D:9      | Reached skill level 11 in Long Blades
  8788 | D:9      | Noticed Pikel
  8810 | D:9      | Killed Pikel
  8900 | D:9      | Found Liedi's Food Shoppe.
  8907 | D:9      | Reached ** piety under Dithmenos
  8941 | D:9      | Bought a meat ration for 50 gold pieces
  8941 | D:9      | Bought a meat ration for 50 gold pieces
  8941 | D:9      | Bought a meat ration for 50 gold pieces
  8941 | D:9      | Bought 2 royal jellies for 40 gold pieces
  8941 | D:9      | Bought a meat ration for 50 gold pieces
  8941 | D:9      | Bought a slice of pizza for 15 gold pieces
  8941 | D:9      | Bought a meat ration for 50 gold pieces
  8965 | D:9      | Found Lusojyam's Weapon Emporium.
  8978 | D:9      | Noticed Prince Ribbit
  8992 | D:9      | Reached skill level 12 in Long Blades
  9078 | D:9      | Noticed Maurice
  9150 | D:9      | Found a shattered altar of Ashenzari.
  9432 | D:9      | Reached skill level 13 in Long Blades
  9858 | D:9      | Killed Maurice
  9936 | D:9      | Reached XP level 11. HP: 95/95 MP: 10/10
 10245 | D:9      | Killed Prince Ribbit
 10455 | D:10     | Entered Level 10 of the Dungeon
 10489 | D:10     | Killed an unseen horror
 11122 | D:10     | Reached *** piety under Dithmenos
 11461 | D:10     | Noticed a hill giant
 11493 | D:10     | Killed a hill giant
 12045 | D:10     | Noticed a five-headed hydra
 12116 | D:11     | Noticed Urug
 12132 | D:10     | Gained mutation: You are partially covered in iridescent scales. (AC +2) [potion of mutation]
 12132 | D:10     | Gained mutation: Your muscles are strong. (Str +2) [potion of mutation]
 12132 | D:10     | Gained mutation: You are robust. (+10% HP) [potion of mutation]
 12138 | D:10     | Lost mutation: Your muscles are strong. (Str +2) [potion of cure mutation]
 12138 | D:10     | Lost mutation: You are robust. (+10% HP) [potion of cure mutation]
 12138 | D:10     | Lost mutation: You are partially covered in iridescent scales. (AC +2) [potion of cure mutation]
 12347 | D:11     | Noticed Nergalle
 12351 | D:11     | Noticed a purple ugly thing
 12360 | D:11     | Killed from afar by Nergalle

Skill      XL: |  1  2  3  4  5  6  7  8  9 10 11 |
---------------+----------------------------------+-----
Long Blades    | 4 5 8 10 13 | 13.9
Dodging        | 6 9 |  9.2
Stealth        | 3 6 9 |  9.6
Fighting       | 6 8 |  8.9
Throwing       | |  2.0

Action                   |  1- 3 |  4- 6 |  7- 9 | 10-12 || total
-------------------------+-------+-------+-------+-------++-------
Melee: Long sword        |    89 |    64 |   248 |   356 ||   757
       Headbutt          |    18 |    12 |    69 |   110 ||   209
Evoke: Wand              |       |       |       |     6 ||     6
  Use: Potion            |       |     4 |     1 |    14 ||    19
       Scroll            |       |    10 |     2 |     4 ||    16
 Stab: Sleeping          |       |       |    13 |     5 ||    18
       Distracted        |       |       |       |     1 ||     1
  Eat: Chunk             |     1 |     6 |    11 |     9 ||    27
       Bread ration      |       |       |     1 |       ||     1
       Pizza             |       |       |       |     1 ||     1
       Meat ration       |       |       |       |     1 ||     1
Armor: Leather armour    |    25 |    10 |    21 |    78 ||   134
       Skin              |       |       |       |    28 ||    28
Dodge: Dodged            |    40 |    30 |   140 |   258 ||   468
Block: Other             |    11 |    13 |    48 |    79 ||   151
       Reflection        |     1 |     2 |     5 |     1 ||     9
       Rpst.: Long sword |     8 |     9 |    27 |    63 ||   107
